 Dungeon Crawl Stone Soup version 0.20.1-1-g8b1a95d (console) character file.

33 bli the Chiller (level 3, -3/26 HPs)
             Began as a Draconian Ice Elementalist on July 23, 2017.
             Slain by Crazy Yiuf
             ... wielding a +2 quarterstaff of chaos
              (6 damage)
             ... on level 2 of the Dungeon.
             The game lasted 00:03:50 (955 turns).

bli the Chiller (Draconian Ice Elementalist)         Turns: 955, Time: 00:03:50

Health: -3/26      AC:  5    Str: 10    XL:     3   Next: 12%
Magic:  0/6        EV: 12    Int: 15    God:
Gold:   67         SH:  0    Dex: 12    Spells: 6/7 levels left

rFire    . . .     SeeInvis .   d - +0 short sword
rCold    . . .     Gourm    .   (no shield)
rNeg     . . .     Faith    .   (armour unavailable)
rPois    +         Spirit   .   (helmet restricted)
rElec    .         Reflect  .   (no cloak)
rCorr    .         Harm     .   (no gloves)
MR       .....                  (no boots)
Stlth    ++........             (no amulet)
Regen    0.1/turn               e - ring of poison resistance
MPRegen  0.1/turn               (no ring)

@: lethally poisoned (-3 -> -8), very slightly contaminated
A: unfitting armour, cold-blooded, AC +5
a: no special abilities


You were on level 2 of the Dungeon.
You were not hungry.

You visited 1 branch of the dungeon, and saw 2 of its levels.

You collected 67 gold pieces.

Inventory:

Hand Weapons
 d - a +0 short sword (weapon)
 g - a +0 spear
 j - a +0 hand axe
Missiles
 c - 7 stones (quivered)
Jewellery
 e - a ring of poison resistance (left hand)
Scrolls
 f - 2 scrolls of identify {unknown}
Books
 a - a book of Frost

   Spells                             Type                      Level
   a - Freeze                         Ice                          1
   b - Throw Frost                    Conjuration/Ice              2
   c - Ozocubu's Armour               Charms/Ice                   3
   d - Throw Icicle                   Conjuration/Ice              4
   e - Summon Ice Beast               Ice/Summoning                4
Comestibles
 b - a bread ration
 h - 2 chunks of flesh
 i - 3 fruits


   Skills:
 + Level 2.0 Dodging
 + Level 2.1 Stealth
 * Level 2.5 Spellcasting
   Level 1.0 Conjurations
 * Level 3.5 Ice Magic


You had 6 spell levels left.
You knew the following spells:

 Your Spells              Type           Power        Failure   Level  Hunger
a - Freeze                Ice            ##..         4%          1    #......


Dungeon Overview and Level Annotations

Branches:
Dungeon (2/15)

Altars:

Annotations:
D:2 Crazy Yiuf


Innate Abilities, Weirdness & Mutations

Your plain brown scales are hard. (AC +5)
You cannot fit into any form of body armour.
You are cold-blooded and may be slowed by cold attacks.


Message History

Frost covers your body. Crazy Yiuf completely misses you.
Casting: Freeze
Confirm with . or Enter, or press ? or * to list all spells.
Aiming: Freeze
Press: ? - help, Shift-Dir - straight line, f/p - Crazy Yiuf
Aim: Crazy Yiuf, wielding a quarterstaff of chaos and wearing a runed cloak (severely wounded)
You freeze Crazy Yiuf.
Crazy Yiuf is severely wounded.
* * * LOW HITPOINT WARNING * * *
You feel sick.
Crazy Yiuf cries, "Sif Muna!
Cholesterol song ladder."
Crazy Yiuf barely misses you.
Casting: Freeze
Confirm with . or Enter, or press ? or * to list all spells.
You don't have enough magic to cast that spell.
Unknown command.
You hit Crazy Yiuf but do no damage.
Crazy Yiuf is severely wounded.
Crazy Yiuf hits you with a quarterstaff of chaos.
You die...

##### #######
#)))### ##.....# #
#.g@')####.P....# #
#)..##).#)PP....####
########)#.P....##..
#######..##.#
#..##.# # ####..##.#
##.###.....##.#
...........##.#
.........####.#
.........####.#
...............


You could see Crazy Yiuf.

Vanquished Creatures
  A dart slug (D:1)
  2 leopard geckos (D:1)
  A giant cockroach (D:1)
  3 goblins
  7 hobgoblins
  A bat (D:1)
  4 frilled lizards
  6 kobolds
  2 rats (D:1)
27 creatures vanquished.

Notes
Turn   | Place    | Note
-------+----------+-------------------------------------------
     0 | D:1      | bli the Draconian Ice Elementalist began the quest for the Orb.
     0 | D:1      | Reached XP level 1. HP: 14/14 MP: 3/3
   168 | D:1      | Reached XP level 2. HP: 10/20 MP: 3/5
   741 | D:1      | Reached XP level 3. HP: 26/26 MP: 6/6
   942 | D:2      | Found a runed door.
   946 | D:2      | Noticed Crazy Yiuf
   955 | D:2      | Slain by Crazy Yiuf

Skill      XL: |  1  2  3 |
---------------+----------+-----
Stealth        | 2 |  2.1
Dodging        | 2 |  2.0
Spellcasting   | |  2.5
Conjurations   | |  1.0
Ice Magic      | |  3.5

Action                   || total
-------------------------++-------
Melee: Short sword       ||    55
       Unarmed           ||     1
       Tailslap          ||     4
 Cast: Freeze            ||    34
 Stab: Sleeping          ||     3
  Eat: Chunk             ||     1
Armor: Skin              ||    19
Dodge: Dodged            ||    41
